 Dungeon Crawl Stone Soup version 0.21.1-1-g345015f (webtiles) character file.

562 rlgrobin the Skirmisher (level 7, -1/55 HPs)
             Began as a Demonspawn Fighter on Feb 8, 2018.
             Was an Initiate of Makhleb.
             Slain by Zhenya24pyc's ghost (10 damage)
             ... on level 4 of the Dungeon.
             The game lasted 00:09:31 (2960 turns).

rlgrobin the Skirmisher (Demonspawn Fighter)        Turns: 2960, Time: 00:09:32

Health: -1/55      AC:  9    Str: 28    XL:     7   Next: 10%
Magic:  7/7        EV:  8    Int: 10    God:    Makhleb [......]
Gold:   186        SH: 10    Dex: 12    Spells: 6/6 levels left

rFire    . . .     SeeInvis .   a - +0 war axe
rCold    . . .     Gourm    .   c - +0 shield
rNeg     . . .     Faith    .   b - +0 scale mail
rPois    .         Spirit   .   (no helmet)
rElec    .         Reflect  .   (no cloak)
rCorr    .         Harm     .   (no gloves)
MR       .....                  (no boots)
Stlth    ..........             (no amulet)
HPRegen  0.18/turn              d - +5 ring of strength
MPRegen  0.10/turn              (no ring)

@: mighty
A: claws 2, molten scales 1, powered by pain 2
a: Renounce Religion


You were on level 4 of the Dungeon.
You worshipped Makhleb.
Makhleb was noncommittal.
You were very hungry.

You visited 1 branch of the dungeon, and saw 4 of its levels.

You collected 186 gold pieces.


Innate Abilities, Weirdness & Mutations

You have very sharp fingernails.
You are partially covered in molten scales. (AC +2)
You sometimes gain power by taking damage.


   Skills:
 + Level 4.8 Fighting
 + Level 3.8 Axes
 + Level 4.3 Armour
 + Level 4.3 Shields


You had 6 spell levels left.
You didn't know any spells.

Inventory:

Hand Weapons
 a - a +0 war axe (weapon)
Armour
 b - a +0 scale mail (worn)
 c - a +0 shield (worn)
 e - a cursed -2 helmet
 k - a +0 helmet
Jewellery
 d - a +5 ring of strength (left claw)
Scrolls
 p - 2 scrolls of identify {@r1}
 q - 2 scrolls of remove curse
Potions
 h - a potion of agility {unknown}
 l - a potion of lignification {unknown}
 m - a potion of degeneration {unknown}
 n - 2 potions of cancellation
 o - a potion of flight {unknown}
Comestibles
 f - 7 rations

Dungeon Overview and Level Annotations

Branches:
Dungeon (4/15)
 Temple: D:4-7

Altars:
Hepliaklqana
Makhleb

Annotations:
D:4 Edmund; Zhenya24pyc's ghost, novice GrFi

.........▒▒▒ ...<.......
........▒▒▒▒ ▒.. ........▒ ▒ ▒..
.........▒▒▒ ▒. ▒.▒ ▒.▒ ▒
............. ..▒▒▒▒▒.▒ ▒.▒ ▒.
.........▒▒..▒ ....▒▒.▒ ▒.▒▒..
..............▒▒▒▒▒▒▒#.▒.▒▒▒....▒
......... ▒...6W......#......>.
........ ▒▒▒▒▒▒▒▒.#.###...W▒
.............▒ ▒..###.##....▒
▒▒▒▒.......... ...▒▒..###.=..▒▒▒
▒ ▒.........▒ ▒▒▒▒▒▒..#.........
▒.........▒ ▒▒...............
▒.........▒ ▒▒................
▒▒▒▒.........▒▒▒...............▒▒
...▒...........▒..............▒▒


You could see Zhenya24pyc's ghost.


Message History

You take 7 damage, and have 31/55 hp!
You cut Zhenya24pyc's ghost into ribbons!!!
Zhenya24pyc's ghost is moderately damaged!
Zhenya24pyc's ghost hits you! You block Zhenya24pyc's ghost's attack!
You take 1 damage, and have 30/55 hp!
Your shield and scale mail prevent you from hitting Zhenya24pyc's ghost!
Zhenya24pyc's ghost is moderately damaged!
Zhenya24pyc's ghost hits you!!! * * * don't die
* * * You focus on the pain!
You feel very mighty all of a sudden!
You take 11 damage, and have 19/55 hp!
You cut Zhenya24pyc's ghost into ribbons!!!
Zhenya24pyc's ghost is severely damaged!
Zhenya24pyc's ghost closely misses you!
You open Zhenya24pyc's ghost like a pillowcase!
Zhenya24pyc's ghost is severely damaged!
Zhenya24pyc's ghost hits you! * * * don't die
* * * You block Zhenya24pyc's ghost's attack!
You take 4 damage, and have 15/55 hp!
You barely miss Zhenya24pyc's ghost!
Zhenya24pyc's ghost is severely damaged!
Zhenya24pyc's ghost barely misses you!
You carve Zhenya24pyc's ghost like a ham!
Zhenya24pyc's ghost is severely damaged!
Zhenya24pyc's ghost hits you!!! * * * don't die
* * * Zhenya24pyc's ghost hits you!!! rip

Action                   |  1- 3 |  4- 6 |  7- 9 || total
-------------------------+-------+-------+-------++-------
Melee: War axe           |   137 |   153 |    16 ||   306
  Use: Scroll            |       |     5 |     4 ||     9
       Potion            |       |     1 |       ||     1
  Eat: Chunk             |     1 |     5 |       ||     6
Armor: Scale mail        |    79 |    85 |     5 ||   169
Dodge: Dodged            |    43 |    60 |     5 ||   108
Block: Shield            |    75 |   102 |     7 ||   184

Vault maps used:
D:1:      saegor_arrival_simple_a
D:2:      lightli_temple_of_fire, lemuel_crystal_altar
D:4:      gup_sewer_entry_pipe, grunt_ministairs_1, uniq_edmund

Notes
Turn   | Place    | Note
-------+----------+-------------------------------------------
     0 | D:1      | rlgrobin the Demonspawn Fighter began the quest for the Orb.
     0 | D:1      | Reached XP level 1. HP: 18/18 MP: 1/1
   176 | D:1      | Reached skill level 2 in Axes
   270 | D:1      | Gained mutation: You sometimes gain a little power by taking damage. [demonic ancestry]
   270 | D:1      | Reached XP level 2. HP: 22/24 MP: 2/2
   700 | D:2      | Reached skill level 3 in Shields
   702 | D:2      | Reached skill level 3 in Armour
   707 | D:2      | Gained mutation: You are partially covered in molten scales. (AC +2) [demonic ancestry]
   707 | D:2      | Reached XP level 3. HP: 25/29 MP: 3/3
   837 | D:2      | Found a hazy altar of Hepliaklqana.
  1110 | D:2      | Gained mutation: You have sharp fingernails. [demonic ancestry]
  1110 | D:2      | Reached XP level 4. HP: 26/35 MP: 4/4
  1255 | D:2      | Found a burning altar of Makhleb.
  1276 | D:2      | Became a worshipper of Makhleb the Destroyer
  1709 | D:3      | Reached XP level 5. HP: 28/42 MP: 5/5
  1889 | D:3      | Reached skill level 4 in Fighting
  1889 | D:3      | Reached skill level 3 in Axes
  2358 | D:3      | Gained mutation: You sometimes gain power by taking damage. [demonic ancestry]
  2358 | D:3      | Reached XP level 6. HP: 45/48 MP: 6/6
  2431 | D:4      | Reached skill level 4 in Armour
  2431 | D:4      | Reached skill level 4 in Shields
  2644 | D:4      | Gained mutation: You have very sharp fingernails. [demonic ancestry]
  2644 | D:4      | Reached XP level 7. HP: 30/55 MP: 7/7
  2741 | D:4      | Noticed Zhenya24pyc's ghost (novice GrFi)
  2748 | D:4      | Noticed Edmund
  2960 | D:4      | Slain by Zhenya24pyc's ghost

Vanquished Creatures
  A phantom (D:4)
  2 ogres (D:4)
  A bullfrog (D:3)
  An orc priest (D:3)
  A worker ant (D:4)
  4 gnolls (D:3)
  A howler monkey skeleton (D:4)
  6 adders
  A worm (D:3)
  A dart slug (D:3)
  A leopard gecko (D:3)
  4 orcs (D:3)
  4 giant cockroaches
  10 goblins
  9 hobgoblins
  3 jackals (D:3)
  2 quokkas
  2 ball pythons
  7 bats
  2 frilled lizards
  6 kobolds
  A quokka skeleton (D:4)
  13 rats
83 creatures vanquished.
